TOP OF THE 1ST |
Texarkana Bears batting - Pitching for Gresham Gold Souls : RHP Luis Fernández
|
Pitching: RHP Luis Fernández
|
|
Batting: RHB Lu-fang Huie
|
0-0: Foul Ball, location: 2F 0-1: Ball 1-1: Ball 2-1: Foul Ball, location: 2F 2-2: Fly out, F7 (Flyball, 7D)
|
Batting: RHB Gilberto López
|
0-0: Ball 1-0: Ball 2-0: Ball 3-0: Called Strike 3-1: Base on Balls
|
Batting: RHB Keith Ford
|
0-0: Ball 1-0: Called Strike 1-1: Foul Ball, location: 2F 1-2: Ball 2-2: Ball 3-2: SINGLE (Flyball, 9S) Gilberto López to second Runner from 2nd tries for 3rd, OUT!
|
Batting: RHB Billy Campbell
|
0-0: Ball 1-0: SINGLE (Groundball, 6MD) Keith Ford to second
|
Batting: RHB Alberto Velásquez
|
0-0: Called Strike 0-1: Swinging Strike 0-2: Strikes out swinging
|
Top of the 1st over - 0 run(s), 2 hit(s), 0 error(s), 2 left on base; Texarkana 0 - Gresham 0 |
BOTTOM OF THE 1ST |
Gresham Gold Souls batting - Pitching for Texarkana Bears : RHP Enrique Valdés
|
Pitching: RHP Enrique Valdés
|
|
Batting: RHB Jesús Gutiérrez
|
0-0: Foul Ball, location: 2F 0-1: Ball 1-1: Ball 2-1: Ball 3-1: SINGLE (Line Drive, 78M)
|
Batting: LHB Bill Smith
|
0-0: Ball 1-0: Called Strike 1-1: Ball 2-1: Ball 3-1: Foul Ball, location: 2F 3-2: SINGLE (Groundball, 6MD) Jesús Gutiérrez to second
|
Batting: RHB Peter Hensley
|
0-0: Called Strike 0-1: Called Strike 0-2: Ball 1-2: Strikes out looking
|
Batting: RHB Lorenzo Morín
|
0-0: Ball 1-0: Foul Ball, location: 2F 1-1: Ball 2-1: Foul Ball, location: 2F 2-2: Grounds into double play, 5-4-3 (Groundball, 5)
|
Bottom of the 1st over - 0 run(s), 2 hit(s), 0 error(s), 1 left on base; Texarkana 0 - Gresham 0 |
TOP OF THE 2ND |
Texarkana Bears batting - Pitching for Gresham Gold Souls : RHP Luis Fernández
|
Batting: RHB Tony Reyes
|
0-0: Fly out, F7 (Flyball, 7LSF)
|
Batting: RHB Arturo Rodríguez
|
0-0: Called Strike 0-1: Ball 1-1: Ball 2-1: Ball 3-1: Base on Balls
|
Batting: RHB Sadao Kimura
|
0-0: Fly out, F7 (Flyball, 7)
|
Batting: RHB Steve Garneys
|
0-0: Swinging Strike 0-1: Ground out 5-3 (Groundball, 56S)
|
Top of the 2nd over - 0 run(s), 0 hit(s), 0 error(s), 1 left on base; Texarkana 0 - Gresham 0 |
BOTTOM OF THE 2ND |
Gresham Gold Souls batting - Pitching for Texarkana Bears : RHP Enrique Valdés
|
Batting: RHB Mario Méndez
|
0-0: Ball 1-0: Called Strike 1-1: Ball 2-1: Swinging Strike 2-2: Ground out 4-3 (Groundball, 34)
|
Batting: RHB Pablo Castillo
|
0-0: Ball 1-0: Swinging Strike 1-1: Foul Ball, location: 2F 1-2: Fly out, F9 (Flyball, 9S)
|
Batting: SHB Sean Carr
|
0-0: Ball 1-0: Foul Ball, location: 2F 1-1: Foul Ball, location: 2F 1-2: Ball 2-2: Foul Ball, location: 2F 2-2: Ball 3-2: Foul Ball, location: 2F 3-2: Fly out, F7 (Flyball, 7)
|
Bottom of the 2nd over - 0 run(s), 0 hit(s), 0 error(s), 0 left on base; Texarkana 0 - Gresham 0 |
TOP OF THE 3RD |
Texarkana Bears batting - Pitching for Gresham Gold Souls : RHP Luis Fernández
|
Batting: RHB Lu-fang Huie
|
0-0: Ball 1-0: Swinging Strike 1-1: Swinging Strike 1-2: Ball 2-2: Ball 3-2: Foul Ball, location: 2F 3-2: Foul Ball, location: 2F 3-2: Ground out 1-3 (Groundball, 13)
|
Batting: RHB Gilberto López
|
0-0: Called Strike 0-1: Swinging Strike 0-2: SINGLE (Line Drive, 8LS)
|
Batting: RHB Keith Ford
|
0-0: Called Strike 0-1: Called Strike 0-2: Strikes out swinging
|
Batting: RHB Billy Campbell
|
0-0: Ball 1-0: Foul Ball, location: 2F 1-1: Ball 2-1: Called Strike 2-2: Ground out 5-3 (Groundball, 56S)
|
Top of the 3rd over - 0 run(s), 1 hit(s), 0 error(s), 1 left on base; Texarkana 0 - Gresham 0 |
BOTTOM OF THE 3RD |
Gresham Gold Souls batting - Pitching for Texarkana Bears : RHP Enrique Valdés
|
Batting: LHB Jeff McKinney
|
0-0: Ball 1-0: Called Strike 1-1: SINGLE (Groundball, 34S) (infield hit)
|
Batting: LHB Jeff Doss
|
0-0: Called Strike 0-1: Ball 1-1: Fly out, F8 (Flyball, 8LXD)
|
Batting: RHB Jesús Gutiérrez
|
0-0: Ball 1-0: Called Strike 1-1: Ball 2-1: Foul Ball, location: 2F 2-2: Foul Ball, location: 2F 2-2: Fly out, F8 (Flyball, 8RM)
|
Batting: LHB Bill Smith
|
0-0: Called Strike 0-1: Ball 1-1: Called Strike 1-2: Foul Ball, location: 2F 1-2: Ball 2-2: Ball 3-2: Strikes out swinging
|
Bottom of the 3rd over - 0 run(s), 1 hit(s), 0 error(s), 1 left on base; Texarkana 0 - Gresham 0 |
TOP OF THE 4TH |
Texarkana Bears batting - Pitching for Gresham Gold Souls : RHP Luis Fernández
|
Batting: RHB Alberto Velásquez
|
0-0: Ball 1-0: Foul Ball, location: 2F 1-1: Ground out U3 (Groundball, 3)
|
Batting: RHB Tony Reyes
|
0-0: Called Strike 0-1: Ball 1-1: DOUBLE (Groundball, 3L)
|
Pinch Runner at 2nd Alberto Medine:
|
|
Batting: RHB Arturo Rodríguez
|
0-0: Foul Ball, location: 2F 0-1: Ball 1-1: Foul Ball, location: 2F 1-2: SINGLE (Line Drive, 7S) Alberto Medine to third
|
Batting: RHB Sadao Kimura
|
0-0: Ball 1-0: Foul Ball, location: 2F 1-1: Ball 2-1: Ball 3-1: Fly out, F4 (Line Drive, 4M)
|
Pitching: RHP Arturo Martínez
|
|
Batting: RHB Steve Garneys
|
0-0: Called Strike 0-1: Called Strike 0-2: Strikes out swinging
|
Top of the 4th over - 0 run(s), 2 hit(s), 0 error(s), 2 left on base; Texarkana 0 - Gresham 0 |
BOTTOM OF THE 4TH |
Gresham Gold Souls batting - Pitching for Texarkana Bears : RHP Enrique Valdés
|
Now at C: Alberto Medine
|
|
Batting: RHB Peter Hensley
|
0-0: Ball 1-0: DOUBLE (Line Drive, 8LXD)
|
Batting: RHB Lorenzo Morín
|
0-0: Ball 1-0: Ball 2-0: Swinging Strike 2-1: Ball 3-1: Called Strike 3-2: Base on Balls
|
Batting: RHB Mario Méndez
|
0-0: Ball 1-0: Grounds into double play, 5-4-3 (Groundball, 56) Peter Hensley to third
|
Batting: RHB Pablo Castillo
|
0-0: Called Strike 0-1: Fly out, F9 (Flyball, 89M)
|
Bottom of the 4th over - 0 run(s), 1 hit(s), 0 error(s), 1 left on base; Texarkana 0 - Gresham 0 |
TOP OF THE 5TH |
Texarkana Bears batting - Pitching for Gresham Gold Souls : RHP Arturo Martínez
|
Batting: RHB Lu-fang Huie
|
0-0: Ball 1-0: Called Strike 1-1: Swinging Strike 1-2: Ball 2-2: Strikes out swinging
|
Batting: RHB Gilberto López
|
0-0: Foul Ball, location: 2F 0-1: Ball 1-1: Reached on error, E4 (Groundball, 4)
|
Batting: RHB Keith Ford
|
0-0: Called Strike 0-1: Called Strike 0-2: Ball 1-2: Ball 2-2: Ball 3-2: Foul Ball, location: 2F 3-2: Base on Balls
|
Batting: RHB Billy Campbell
|
0-0: Ball Keith Ford is caught stealing 2nd base 1-0: Ball 2-0: Ball 3-0: Called Strike 3-1: Swinging Strike 3-2: Strikes out swinging
|
Top of the 5th over - 0 run(s), 0 hit(s), 1 error(s), 1 left on base; Texarkana 0 - Gresham 0 |
BOTTOM OF THE 5TH |
Gresham Gold Souls batting - Pitching for Texarkana Bears : RHP Enrique Valdés
|
Batting: SHB Sean Carr
|
0-0: Fly out, F7 (Flyball, 7LM)
|
Batting: LHB Jeff McKinney
|
0-0: Foul Ball, location: 2F 0-1: Ball 1-1: Ground out 6-3 (Groundball, 6)
|
Batting: LHB Jeff Doss
|
0-0: Foul Ball, location: 2F 0-1: Ball 1-1: Ball 2-1: Ball 3-1: Called Strike 3-2: Ground out U3 (Groundball, 3)
|
Bottom of the 5th over - 0 run(s), 0 hit(s), 0 error(s), 0 left on base; Texarkana 0 - Gresham 0 |
TOP OF THE 6TH |
Texarkana Bears batting - Pitching for Gresham Gold Souls : RHP Arturo Martínez
|
Batting: RHB Alberto Velásquez
|
0-0: Called Strike 0-1: Ball 1-1: Foul Ball, location: 2F 1-2: Ground out 4-3 (Groundball, 4)
|
Batting: LHB Alberto Medine
|
0-0: Called Strike 0-1: Foul Ball, location: 2F 0-2: Ball 1-2: Strikes out swinging
|
Batting: RHB Arturo Rodríguez
|
0-0: Ball 1-0: Swinging Strike 1-1: Foul Ball, location: 2F 1-2: Ball 2-2: Strikes out swinging
|
Top of the 6th over - 0 run(s), 0 hit(s), 0 error(s), 0 left on base; Texarkana 0 - Gresham 0 |
BOTTOM OF THE 6TH |
Gresham Gold Souls batting - Pitching for Texarkana Bears : RHP Enrique Valdés
|
Batting: RHB Jesús Gutiérrez
|
0-0: Called Strike 0-1: Ball 1-1: Ball 2-1: Foul Ball, location: 2F 2-2: Ball 3-2: SINGLE (Groundball, 56D)
|
Batting: LHB Bill Smith
|
0-0: Fielders Choice at 2nd, 4-6 (Groundball, 4)
|
Batting: RHB Peter Hensley
|
0-0: Ball 1-0: Single, Error in OF, E9, batter to second base Bill Smith to third
|
Batting: RHB Lorenzo Morín
|
0-0: Ball 1-0: Ball 2-0: Ball 3-0: Base on Balls
|
Batting: RHB Mario Méndez
|
0-0: Ball 1-0: Ball 2-0: SINGLE (Line Drive, 6MD) Bill Smith scores Peter Hensley to third Lorenzo Morín to second Runner from 3rd tries for Home, SAFE, no throw
|
Batting: RHB Pablo Castillo
|
0-0: Ball 1-0: Called Strike 1-1: Ground out 5-3 (Groundball, 56S) Lorenzo Morín to third Mario Méndez to second
|
Batting: SHB Sean Carr
|
0-0: Swinging Strike 0-1: Ground out 1-3 (Groundball, 13S)
|
Bottom of the 6th over - 2 run(s), 3 hit(s), 1 error(s), 2 left on base; Texarkana 0 - Gresham 2 |
TOP OF THE 7TH |
Texarkana Bears batting - Pitching for Gresham Gold Souls : RHP Arturo Martínez
|
Batting: RHB Sadao Kimura
|
0-0: Called Strike 0-1: Ball 1-1: DOUBLE (Groundball, 5L)
|
Batting: RHB Steve Garneys
|
0-0: SINGLE (Line Drive, 34D) Sadao Kimura to third Runner from 3rd tries for Home, SAFE, no throw
|
Pinch Hitting: LHB Sam Barnes
|
0-0: Swinging Strike 0-1: Called Strike 0-2: Strikes out looking
|
Batting: RHB Gilberto López
|
0-0: Ball Steve Garneys steals 2nd base 1-0: Ball 2-0: Ball 3-0: Called Strike 3-1: Foul Ball, location: 2F 3-2: Base on Balls
|
Batting: RHB Keith Ford
|
0-0: Ball 1-0: Ball 2-0: Ball 3-0: Foul Ball, location: 2F 3-1: SINGLE (Line Drive, 9S) Steve Garneys to third Gilberto López to second
|
Batting: RHB Billy Campbell
|
0-0: Called Strike 0-1: Swinging Strike 0-2: Strikes out looking
|
Pitching: RHP Robbie O'Neil
|
|
Pinch Hitting: RHB Michael Barraclough
|
0-0: Ball 1-0: Foul Ball, location: 2F 1-1: Ball 2-1: Foul Ball, location: 2F 2-2: Strikes out swinging
|
Top of the 7th over - 1 run(s), 3 hit(s), 0 error(s), 3 left on base; Texarkana 1 - Gresham 2 |
BOTTOM OF THE 7TH |
Gresham Gold Souls batting - Pitching for Texarkana Bears : RHP Enrique Valdés
|
Pitching: RHP Kosami Tagawa
|
|
Now at 2B: Kun Liu
|
|
Now in RF: Michael Barraclough
|
|
Batting: LHB Jeff McKinney
|
0-0: Fly out, F7 (Flyball, 7S)
|
Batting: LHB Jeff Doss
|
0-0: Ball 1-0: Ball 2-0: Ground out 4-3 (Groundball, 4)
|
Batting: RHB Jesús Gutiérrez
|
0-0: Ball 1-0: Ball 2-0: Ball 3-0: Called Strike 3-1: Base on Balls
|
Batting: LHB Bill Smith
|
0-0: Ball 1-0: Ground out U3 (Groundball, 3)
|
Bottom of the 7th over - 0 run(s), 0 hit(s), 0 error(s), 1 left on base; Texarkana 1 - Gresham 2 |
TOP OF THE 8TH |
Texarkana Bears batting - Pitching for Gresham Gold Souls : RHP Robbie O'Neil
|
Pitching: RHP Jamal Clayton
|
|
Now at 2B: Jim Edgar
|
|
Now in LF: Anthony Wells
|
|
Batting: LHB Alberto Medine
|
0-0: Ball 1-0: Foul Ball, location: 2F 1-1: Swinging Strike 1-2: SOLO HOME RUN (Flyball, 9LD), Distance : 364 ft
|
Batting: RHB Arturo Rodríguez
|
0-0: Ball 1-0: Ball 2-0: Ground out 4-3 (Groundball, 4M)
|
Pinch Hitting: LHB Tom Mullins
|
0-0: Ball 1-0: Ball 2-0: Ball 3-0: Called Strike 3-1: SINGLE (Line Drive, 34D)
|
Batting: RHB Steve Garneys
|
0-0: Swinging Strike 0-1: Foul Ball, location: 2F 0-2: Strikes out swinging
|
Pinch Hitting: LHB Mark Thomas
|
0-0: Called Strike 0-1: Ball 1-1: Fly out, F4 (Popup, 4D)
|
Top of the 8th over - 1 run(s), 2 hit(s), 0 error(s), 1 left on base; Texarkana 2 - Gresham 2 |
BOTTOM OF THE 8TH |
Gresham Gold Souls batting - Pitching for Texarkana Bears : RHP Kosami Tagawa
|
Now at 2B: Juan Rico
|
|
Now in CF: Taki Chikafuji
|
|
Batting: RHB Peter Hensley
|
0-0: Ball 1-0: Ball 2-0: Foul Ball, location: 2F 2-1: Ball 3-1: Base on Balls
|
Batting: RHB Lorenzo Morín
|
0-0: Ball 1-0: Grounds into double play, 6-4-3 (Groundball, 6)
|
Batting: RHB Mario Méndez
|
0-0: Called Strike 0-1: Ball 1-1: Foul Ball, location: 2F 1-2: Strikes out swinging
|
Bottom of the 8th over - 0 run(s), 0 hit(s), 0 error(s), 0 left on base; Texarkana 2 - Gresham 2 |
TOP OF THE 9TH |
Texarkana Bears batting - Pitching for Gresham Gold Souls : RHP Jamal Clayton
|
Pitching: RHP Eusébio Lagarto
|
|
Batting: RHB Gilberto López
|
0-0: Foul Ball, location: 2F 0-1: Ball 1-1: Ball 2-1: Ball 3-1: Base on Balls
|
Batting: RHB Keith Ford
|
0-0: Ball 1-0: Fly out, F5 (Popup, 56S)
|
Batting: RHB Billy Campbell
|
0-0: Ball 1-0: Called Strike 1-1: Ball 2-1: Foul Ball, location: 2F 2-2: Strikes out swinging
|
Batting: RHB Michael Barraclough
|
0-0: Ball Gilberto López is caught stealing 2nd base
|
Top of the 9th over - 0 run(s), 0 hit(s), 0 error(s), 0 left on base; Texarkana 2 - Gresham 2 |
BOTTOM OF THE 9TH |
Gresham Gold Souls batting - Pitching for Texarkana Bears : RHP Kosami Tagawa
|
Pinch Hitting: LHB Millard Dye
|
0-0: Ball 1-0: Ball 2-0: Swinging Strike 2-1: Ball 3-1: Base on Balls
|
Batting: SHB Sean Carr
|
0-0: Called Strike 0-1: Ball 1-1: Ball 2-1: Ball 3-1: Swinging Strike 3-2: Strikes out swinging
|
Pinch Hitting: SHB Todd Smith
|
0-0: Foul Ball, location: 2F 0-1: Ball 1-1: SINGLE (Flyball, 7S) Millard Dye to second
|
Batting: RHB Jim Edgar
|
0-0: Foul Ball, location: 2F 0-1: Ball 1-1: Ball 2-1: Swinging Strike 2-2: Strikes out swinging
|
Batting: RHB Jesús Gutiérrez
|
0-0: Fly out, F9 (Flyball, 9LM)
|
Bottom of the 9th over - 0 run(s), 1 hit(s), 0 error(s), 2 left on base; Texarkana 2 - Gresham 2 |
TOP OF THE 10TH |
Texarkana Bears batting - Pitching for Gresham Gold Souls : RHP Eusébio Lagarto
|
Now at 3B: Matt Davidson
|
|
Now in LF: Todd Smith
|
|
Batting: RHB Michael Barraclough
|
0-0: Ball 1-0: Ball 2-0: Foul Ball, location: 2F 2-1: Ball 3-1: Base on Balls
|
Batting: LHB Alberto Medine
|
0-0: Ball 1-0: Ball 2-0: Called Strike 2-1: Grounds into double play, 4-6-3 (Groundball, 4)
|
Batting: RHB Arturo Rodríguez
|
0-0: Called Strike 0-1: Swinging Strike 0-2: Strikes out looking
|
Top of the 10th over - 0 run(s), 0 hit(s), 0 error(s), 0 left on base; Texarkana 2 - Gresham 2 |
BOTTOM OF THE 10TH |
Gresham Gold Souls batting - Pitching for Texarkana Bears : RHP Kosami Tagawa
|
Batting: LHB Bill Smith
|
0-0: Fly out, F8 (Line Drive, 8RM)
|
Batting: RHB Peter Hensley
|
0-0: Swinging Strike 0-1: Swinging Strike 0-2: Strikes out swinging
|
Batting: RHB Lorenzo Morín
|
0-0: Ball 1-0: Foul Ball, location: 2F 1-1: Ball 2-1: Foul Ball, location: 2F 2-2: Ball 3-2: Foul Ball, location: 2F 3-2: Foul Ball, location: 2F 3-2: Strikes out swinging
|
Bottom of the 10th over - 0 run(s), 0 hit(s), 0 error(s), 0 left on base; Texarkana 2 - Gresham 2 |
TOP OF THE 11TH |
Texarkana Bears batting - Pitching for Gresham Gold Souls : RHP Eusébio Lagarto
|
Pitching: RHP Miguel Ortíz
|
|
Batting: RHB Taki Chikafuji
|
0-0: Foul Ball, location: 2F 0-1: Called Strike 0-2: Ball 1-2: SINGLE (Line Drive, 9LS)
|
Batting: RHB Steve Garneys
|
0-0: Ball 1-0: Called Strike 1-1: Foul Ball, location: 2F 1-2: SINGLE (Flyball, 89S) Taki Chikafuji to second Throwing error, E9 Taki Chikafuji scores Steve Garneys to second
|
Batting: RHB Juan Rico
|
0-0: Called Strike 0-1: Foul Ball, location: 2F 0-2: Ball 1-2: Ball 2-2: Ball 3-2: Foul Ball, location: 2F 3-2: Base on Balls
|
Batting: RHB Gilberto López
|
0-0: Swinging Strike 0-1: Fly out, F9 (Flyball, 9)
|
Batting: RHB Keith Ford
|
0-0: Called Strike 0-1: Grounds into double play, 4-6-3 (Groundball, 4)
|
Top of the 11th over - 1 run(s), 2 hit(s), 1 error(s), 1 left on base; Texarkana 3 - Gresham 2 |
|